 Dungeon Crawl Stone Soup version 0.25.1-2-g60ff931df9 (webtiles) character file.

Game seed: 6142539927838402853

19149 gruber the Cleaver (level 12, -1/96 HPs)
             Began as a Deep Dwarf Fighter on Aug 20, 2020.
             Was a High Priest of Makhleb.
             Slain by a death scarab (6 damage)
             ... in a Gauntlet.
             The game lasted 00:23:31 (9305 turns).

gruber the Cleaver (Deep Dwarf Fighter)             Turns: 9305, Time: 00:23:32

Health: -1/96      AC: 18    Str: 33    XL:     12   Next: 34%
Magic:  9/9        EV:  7    Int: 10    God:    Makhleb [*****.]
Gold:   764        SH: 23    Dex: 18    Spells: 11/11 levels left

rFire    . . .     SeeInvis +   y - +5 flail (vorpal)
rCold    . . .     Gourm    .   I - +2 tower shield
rNeg     . . .     Faith    .   b - +0 scale mail
rPois    +         Spirit   .   p - +2 helmet {SInv}
rElec    .         Reflect  .   D - +1 cloak "Yruan" {rPois Str+9}
rCorr    .         Harm     .   C - +0 pair of gloves
MR       +....     NoTele   +   L - +0 pair of boots
Stlth    ..........             (no amulet)
HPRegen  0.00/turn              G - ring of poison resistance
MPRegen  0.11/turn              H - +6 ring of dexterity

@: non-regenerating, slowed, very slow
A: damage resistance, heal wounds, sense surroundings 2, no regeneration
a: Heal Wounds, Minor Destruction, Lesser Servant of Makhleb, Major Destruction,
Greater Servant of Makhleb, Renounce Religion


You were in a Gauntlet.
You worshipped Makhleb.
Makhleb was extremely pleased with you.
You were very hungry.

You visited 1 branch of the dungeon, and saw 12 of its levels.
You also visited: Gauntlet.

You collected 764 gold pieces.

Inventory:

Hand Weapons
 a - a +0 war axe
 y - a +5 vorpal flail (weapon)
Armour
 b - a +0 scale mail (worn)
 p - a +2 helmet of see invisible (worn)
 C - a +0 pair of gloves (worn)
 D - the +1 cloak "Yruan" (worn) {rPois Str+9}
   (You found it on level 7 of the Dungeon)

   It affects your strength (+9).
   It protects you from poison.
 I - a +2 tower shield (worn)
 L - a +0 pair of boots (worn)
Jewellery
 i - the amulet "Irotueta" {RegenMP Str-3 Dex+8}
   (You took it off a kobold on level 9 of the Dungeon)

   [amulet of magic regeneration]

   It increases your magic regeneration.
   It affects your strength (-3).
   It affects your dexterity (+8).
 m - a +6 ring of intelligence
 A - an uncursed ring of wizardry
 G - a ring of poison resistance (left hand)
 H - a +6 ring of dexterity (right hand)
Wands
 k - a wand of iceblast (3)
 u - a wand of paralysis (4)
Scrolls
 e - 3 scrolls of fog {unknown}
 g - 3 scrolls of remove curse
 q - a scroll of random uselessness {unknown}
 s - 5 scrolls of teleportation
 t - 3 scrolls of fear
 x - 2 scrolls of magic mapping {unknown}
 F - 2 scrolls of amnesia {unknown}
 J - a scroll of blinking {unknown}
Potions
 d - a potion of might
 h - a potion of ambrosia
 j - 5 potions of curing {unknown}
 l - 3 potions of flight {unknown}
 n - a potion of haste
 o - 3 potions of mutation
 v - a potion of berserk rage
 w - 4 potions of cancellation
 z - a potion of heal wounds
 E - 2 potions of invisibility
Miscellaneous
 K - a phial of floods (inert)
Comestibles
 f - 23 rations


   Skills:
 - Level 2.6 Fighting
 * Level 14.5 Axes
 - Level 11.3 Armour
 - Level 11.2 Shields
 - Level 8.0 Invocations


You had 11 spell levels left.
You didn't know any spells.
Your spell library contained the following spells:

 Spells                   Type           Power        Failure   Level  Hunger
 Animate Skeleton         Necr           N/A          98%         1    ##.....
 Apportation              Tloc           #.....       98%         1    ##.....
 Corona                   Hex            #......      98%         1    ##.....
 Magic Dart               Conj           #...         98%         1    ##.....
 Sting                    Tmut/Pois      #...         98%         1    ##.....
 Summon Small Mammal      Summ           #...         98%         1    ##.....
 Poisonous Vapours        Pois/Air       #.....       99%         2    ###....
 Searing Ray              Conj           #.....       99%         2    ###....
 Dazzling Flash           Conj/Hex       #.....       100%        3    ####...
 Ignite Poison            Fire/Tmut/Pois #.......     100%        3    ####...
 Mephitic Cloud           Conj/Pois/Air  #.......     100%        3    ####...
 Fulminant Prism          Conj/Hex       #.........   100%        4    #####..
 Iskenderun's Mystic Bla  Conj/Tloc      #.......     100%        4    #####..
 Olgreb's Toxic Radiance  Pois           #.......     100%        4    #####..


Dungeon Overview and Level Annotations

Branches:
Dungeon (12/15)            Temple (0/1) D:5            Lair (0/6) D:10
    Orc (0/2) D:10        Gauntlet (1/1)

Altars:
Ashenzari
Cheibriados
Dithmenos
Hepliaklqana
Makhleb
Nemelex Xobeh
Okawaru
Qazlal
Ru
Sif Muna
Uskayaw
Vehumet

Shops:
D:5 (   D:7 }   D:10 *

Annotations:
D:11 exclusion: ice statue Gauntlet 7 transporters, 3 runed translucent doors


Innate Abilities, Weirdness & Mutations

You are resistant to damage.
You can heal yourself by infusing magical energy.
You passively map the area around you.
You do not regenerate.


Message History

* * * LOW HITPOINT WARNING * * *
The death scarab drains your vigour!
You feel as though you will be slow longer.
The death scarab draws strength from your injuries!
You block the death scarab's attack.
Unknown command.
Unknown command.
Your shield and scale mail prevent you from hitting the death scarab.
The death scarab is heavily damaged.
You block the death scarab's attack. The death scarab bites you!!
* * * LOW HITPOINT WARNING * * *
The death scarab draws strength from your injuries!
You block the death scarab's attack. x2
Unknown command.
Unknown command.
Unknown command.
You thump the death scarab!
The death scarab is moderately damaged.
You block the death scarab's attack. x2; The death scarab bites you!
You die...

##≈....#©.........©#...
##.#########.#########
##≈.##.#.#(##.##..#.#.#
#≈≈.#.#.#.#.#.#y##.#.##
##≈.##.#.#.##.##y.##.##
##.#.#©#.#.####.#©.#.#
##≈.##.#≈#.##.#.#..##.#
#≈≈.#s#!#≈#.#.#.###..##
##≈.##@#©#"##.##yy©(.##
##.#########.#########
#≈....................
#≈≈≈#≈≈≈#..∩.8.∩..#≈≈≈#
##≈###≈###.......###≈##
## *### #########*###
,.......... , , ,
8.8.©.©.8.8 *
............., *


You could see a death scarab.

Vanquished Creatures
  Erica (D:9)
  4 two-headed ogres
  A death scarab (Gauntlet)
  An unseen horror (D:12)
  A wizard (D:9)
  Pikel (D:6)
  An orc knight (D:12)
  A spectral hydra (Gauntlet)
  2 ugly things
  A gargoyle (D:12)
  An ice devil (Gauntlet)
  A queen bee (D:10)
  A troll (D:12)
  2 slime creatures (Gauntlet)
  4 hippogriffs
  A wyvern (D:11)
  A wraith (D:11)
  13 yaks
  A hungry ghost (D:9)
  A spectral komodo dragon (Gauntlet)
  Edmund (D:5)
  An acid dragon (D:11)
  Duvessa (D:5)
  8 orc warriors
  4 sky beasts
  2 phantoms
  4 ice beasts
  A hornet zombie (D:12)
  An eye of draining (D:9)
  4 ogres
  4 centaurs
  A crocodile (D:12)
  2 big kobolds
  8 bullfrogs
  2 wyvern zombies
  Dowan (D:5)
  A water moccasin zombie (D:6)
  7 scorpions
  A wyvern skeleton (D:9)
  20 killer bees
  5 wights
  2 howler monkeys (D:9)
  9 crimson imps
  5 hounds
  7 orc priests
  4 jellies
  5 centaur skeletons
  6 orc wizards
  5 iguanas
  19 worker ants
  A killer bee zombie (D:10)
  A hound zombie (D:11)
  4 hound skeletons
  Robin (D:3)
  3 gnolls (D:6)
  6 adders
  5 shadow imps
  4 white imps (Gauntlet)
  An adder zombie (D:9)
  6 worms
  3 dart slugs
  7 leopard geckos
  30 orcs
  6 giant cockroaches
  14 goblins
  9 hobgoblins
  20 jackals
  14 kobolds
  3 quokkas
  A ball python (D:4)
  5 bats
  2 frilled lizards
  4 rats
331 creatures vanquished.

Vanquished Creatures (collateral kills)
  A big kobold (D:12)
  An orc (D:12)
  3 kobolds (D:12)
5 creatures vanquished.

Vanquished Creatures (others)
  A slave (D:7)
  An orc priest (D:7)
  An orc (D:7)
3 creatures vanquished.

Grand Total: 339 creatures vanquished

Notes
Turn   | Place    | Note
-------+----------+-------------------------------------------
     0 | D:1      | gruber the Deep Dwarf Fighter began the quest for the Orb.
     0 | D:1      | Reached XP level 1. HP: 20/20 MP: 1/1
   164 | D:1      | Reached skill level 3 in Axes
   164 | D:1      | Reached XP level 2. HP: 18/27 MP: 2/2
   927 | D:2      | Reached XP level 3. HP: 18/33 MP: 3/3
   933 | D:2      | Reached skill level 4 in Axes
  1398 | D:2      | Reached XP level 4. HP: 6/40 MP: 4/4
  1647 | D:3      | Noticed Robin
  1654 | D:3      | Reached skill level 5 in Axes
  1682 | D:3      | Killed Robin
  1747 | D:3      | Noticed a bullfrog
  1971 | D:3      | Noticed an ice beast
  2027 | D:3      | Found a burning altar of Makhleb.
  2028 | D:3      | Found a snail-covered altar of Cheibriados.
  2033 | D:3      | Became a worshipper of Makhleb the Destroyer
  2097 | D:3      | Reached XP level 5. HP: 39/46 MP: 5/5
  2177 | D:3      | Reached skill level 6 in Axes
  2240 | D:4      | Reached skill level 7 in Axes
  2240 | D:4      | Reached XP level 6. HP: 19/55 MP: 6/6
  2571 | D:4      | Reached skill level 8 in Axes
  2892 | D:4      | Noticed a sky beast
  2895 | D:4      | Killed a sky beast
  2895 | D:4      | Reached XP level 7. HP: 41/61 MP: 6/9
  3245 | D:5      | Entered Level 5 of the Dungeon
  3325 | D:5      | Found a radiant altar of Vehumet.
  3370 | D:5      | Found a shadowy altar of Dithmenos.
  3387 | D:5      | Reached skill level 5 in Invocations
  3473 | D:5      | Found a staircase to the Ecumenical Temple.
  3478 | D:5      | Reached * piety under Makhleb
  3541 | D:5      | Noticed Edmund
  3569 | D:5      | Killed Edmund
  3597 | D:5      | Found Reumed's Antique Weapon Shop.
  3645 | D:5      | Noticed Dowan
  3645 | D:5      | Noticed Duvessa
  3748 | D:6      | Reached XP level 8. HP: 40/68 MP: 13/13
  3872 | D:6      | HP: 3/68 [orc warrior/+0 halberd (10)]
  4142 | D:4      | Reached skill level 5 in Armour
  4158 | D:5      | Found a shattered altar of Ashenzari.
  4230 | D:5      | Killed Duvessa
  4233 | D:5      | Killed Dowan
  4243 | D:5      | Found a hide-covered altar of Uskayaw.
  4331 | D:5      | Found a sacrificial altar of Ru.
  4727 | D:7      | Noticed a hippogriff
  4763 | D:7      | Killed a hippogriff
  4763 | D:7      | Gained mutation: You passively map the area around you.
                  | [Deep Dwarf growth]
  4763 | D:7      | Reached XP level 9. HP: 36/74 MP: 10/10
  4988 | D:7      | Noticed Pikel
  5010 | D:6      | Killed Pikel
  5010 | D:6      | Reached skill level 10 in Armour
  5035 | D:7      | Found Quylex's Gadget Shop.
  5041 | D:7      | Got a polished cloak
  5047 | D:7      | Identified the +1 cloak "Yruan" {rPois Str+9} (You found it
                  | on level 7 of the Dungeon)
  5105 | D:7      | Reached ** piety under Makhleb
  5125 | D:7      | Found a stormy altar of Qazlal.
  5603 | D:8      | Reached skill level 5 in Shields
  5804 | D:8      | Reached XP level 10. HP: 39/81 MP: 10/10
  5911 | D:8      | Found a hazy altar of Hepliaklqana.
  5980 | D:8      | Found a shimmering blue altar of Sif Muna.
  5980 | D:8      | Found an iron altar of Okawaru.
  6152 | D:9      | Noticed a two-headed ogre
  6199 | D:9      | Found a sparkling altar of Nemelex Xobeh.
  6200 | D:9      | Noticed a brown ugly thing
  6204 | D:9      | Noticed Erica
  6222 | D:8      | Killed a brown ugly thing
  6475 | D:9      | Noticed a wizard
  6545 | D:8      | Reached *** piety under Makhleb
  6608 | D:9      | Killed Erica
  6648 | D:9      | Noticed a two-headed ogre
  6813 | D:9      | Reached skill level 10 in Shields
  6889 | D:9      | Killed a two-headed ogre
  6894 | D:9      | Reached XP level 11. HP: 88/88 MP: 9/9
  6896 | D:9      | Identified the +0 ring mail of the Seven Wishes {Int+4}
  6980 | D:9      | Killed a two-headed ogre
  7006 | D:9      | Reached skill level 9 in Axes
  7087 | D:9      | Reached **** piety under Makhleb
  7094 | D:9      | Killed a wizard
  7263 | D:9      | Identified the amulet "Irotueta" {RegenMP Str-3 Dex+8}
  7466 | D:10     | Entered Level 10 of the Dungeon
  7476 | D:10     | Reached skill level 10 in Axes
  7609 | D:10     | Found a staircase to the Lair.
  7632 | D:10     | Found a staircase to the Orcish Mines.
  7671 | D:10     | Found Zaitempu's Demolitions Depot.
  7752 | D:10     | Noticed a two-headed ogre
  7764 | D:10     | Killed a two-headed ogre
  7771 | D:10     | Reached skill level 11 in Axes
  8014 | D:10     | Reached ***** piety under Makhleb
  8257 | D:11     | Reached skill level 12 in Axes
  8746 | D:12     | Noticed a red ugly thing
  8769 | D:12     | Killed a red ugly thing
  8785 | D:12     | Reached skill level 13 in Axes
  8828 | D:12     | Noticed a two-headed ogre
  8836 | D:12     | Killed a two-headed ogre
  8836 | D:12     | Reached XP level 12. HP: 41/96 MP: 10/10
  8896 | D:12     | Found a gate leading to a gauntlet.
  8987 | Gauntlet | Entered a Gauntlet
  8987 | Gauntlet | Found a transporter.
  8987 | Gauntlet | Found a transporter.
  8987 | Gauntlet | Found a runed translucent gate.
  8993 | Gauntlet | Found a runed translucent gate.
  8998 | Gauntlet | Found a runed translucent gate.
  9005 | Gauntlet | Found a transporter.
  9009 | Gauntlet | Found a transporter.
  9021 | Gauntlet | Found a transporter.
  9022 | Gauntlet | Found a transporter.
  9032 | Gauntlet | Found a transporter.
  9046 | Gauntlet | Noticed a death scarab
  9049 | Gauntlet | Found a transporter.
  9052 | Gauntlet | Noticed a death scarab
  9064 | Gauntlet | Found a transporter.
  9067 | Gauntlet | Found a transporter.
  9075 | Gauntlet | Found a transporter.
  9079 | Gauntlet | Found a transporter.
  9155 | Gauntlet | Reached skill level 14 in Axes
  9260 | Gauntlet | HP: 4/96 [spectral six-headed hydra (3)]
  9263 | Gauntlet | Killed a death scarab
  9266 | Gauntlet | HP: 4/96 [spectral komodo dragon (16)]
  9305 | Gauntlet | Slain by a death scarab

Illustrated notes

Levels and vault maps discovered:
D:1:      matt_arrival_diagonals, layout_basic, minmay_door_square,
          grunt_decor_one_mirror
D:2:      layout_loops_ring
D:3:      layout_basic, gammafunk_temple_overflow_wave, lightli_corner_chamber,
          uniq_robin
D:4:      layout_basic, first_ration
D:5:      layout_cave_pools, fiery_altar_vehumet, grunt_dithmenos_smoke,
          ashenzari_altar_1, kennysheep_mini_moat, minmay_temple_entry_glass,
          serial_shops, shop, nicolae_ru_the_path_less_chosen, uniq_duvessa,
          uniq_edmund
D:6:      layout_basic
D:7:      layout_basic, old_standard_altar, serial_shops, kennysheep_little_box,
          uniq_pikel
D:8:      layout_loops_cross, lemuel_round_altar,
          gammafunk_temple_overflow_elements
D:9:      cheibrodos_ideogram_h, layout_cave_pools,
          nemelex_xobeh_ov_fountains_minmay, uniq_erica
D:10:     layout_irregular_city, lair_entry_dummy, orc_0_dummy, david_nohive_1,
          nicolae_blasting_shop
D:11:     layout_rooms, minmay_misc_feat_pillars, minivault_16
D:12:     layout_loops_ring, serial_shops, shop, gauntlet_entry_generic,
          abandoned_shop, minmay_joined_circles
Gauntlet: minmay_gauntlet_77_indecision [minmay_gauntlet_arena_77_double_cross,
          minmay_gauntlet_arena_77_run_for_it,
          minmay_gauntlet_arena_77_terracotta_army,
          minmay_gauntlet_arena_77_block_sizes,
          minmay_gauntlet_arena_77_checkered, minmay_gauntlet_arena_77_mess,
          gauntlet_exit_green]

Skill      XL: |  1  2  3  4  5  6  7  8  9 10 11 12 |
---------------+-------------------------------------+-----
Axes           | 3 4 5 7 8 13 14 | 14.5
Invocations    | 2 7 8 |  8.0
Armour         | 8 11 | 11.3
Shields        | 5 11 | 11.2
Fighting       | |  2.6

Action                   |  1- 3 |  4- 6 |  7- 9 | 10-12 || total
-------------------------+-------+-------+-------+-------++-------
Melee: War axe           |   123 |   187 |    67 |       ||   377
       Flail             |       |       |   237 |   714 ||   951
Throw: Javelin           |       |       |    33 |    21 ||    54
Invok: Lesser Servant of |       |       |       |     2 ||     2
 Abil: Heal Wounds       |       |     4 |    11 |    13 ||    28
Evoke: Wand              |       |     1 |     7 |    16 ||    24
       Phial of floods   |       |       |       |     1 ||     1
  Use: Scroll            |       |     6 |       |     8 ||    14
       Potion            |       |       |       |     3 ||     3
 Stab: Paralysed         |       |       |     5 |     7 ||    12
       Distracted        |       |       |       |     1 ||     1
  Eat: Chunk             |     2 |     5 |    10 |    14 ||    31
Armor: Scale mail        |    51 |    68 |   129 |   251 ||   499
Dodge: Dodged            |    35 |    44 |    86 |   142 ||   307
Block: Kite shield       |    51 |    89 |   160 |     9 ||   309
       Tower shield      |       |       |       |   907 ||   907
